Map: Cerulean Fall LE

Players

liquidthermy (uThermal) - Winner!

  • Race: Terran Terran
  • League: Master
  • Spawn Location: 7:00

Reynor

  • Race: Zerg Zerg
  • League: Master
  • Spawn Location: 1:00

Event: HomeStory Cup XVIII

VOD

Have the link to the VOD?

Description

Time

  • Played on: Nov. 24, 2018, 9:38 a.m.
  • Length: 23:21

All games in this series

Show
View Real Time Build Order
Export as new Build Order

liquidthermy Terran - Winner!

Build Orders:  

Get SALT Encoding   

  12  0:02  SCV  
  13  0:14  Supply Depot  
  13  0:17  SCV  
  14  0:36  Barracks  
  14  0:48  Barracks  
  14  0:51  SCV  
  15  1:04  SCV  
  16  1:05  Refinery  
  16  1:16  SCV  
  17  1:23  Marine  
  18  1:28  Orbital Command  
  18  1:35  Marine  
  19  1:41  Marine  
  19  1:43  Supply Depot  
  20  1:52  Bunker  
  20  1:56  Marine  
  21  2:02  Marine  
  21  2:08  Bunker  
  22  2:14  Marine  
  22  2:15  SCV  
  24  2:19  Marine  
  24  2:31  Marine, Factory  
  25  2:43  Marine, SCV  
  27  2:51  Marine  
  27  2:52  Supply Depot  
  28  2:58  SCV  
  28  3:01  Marine  
  30  3:14  Factory Reactor  
  30  3:32  SCV  
  28  3:44  Starport, Command Center, SCV  
  29  3:53  Hellion  
  29  3:55  Hellion  
  33  3:57  SCV  
  33  4:02  Supply Depot  
  34  4:09  Refinery, SCV  
  35  4:15  Hellion  
  37  4:19  Hellion  
  39  4:26  Medivac  
  39  4:29  SCV  
  41  4:41  Hellion  
  41  4:44  SCV  
  42  4:46  Hellion  
  44  4:57  Orbital Command  
  44  4:58  Starport Tech Lab  
  44  4:59  SCV  
  45  5:03  Hellion  
  47  5:10  Hellion  
  47  5:11  SCV  
  50  5:18  Cloaking Field, Banshee  
  53  5:22  SCV  
  53  5:23  SCV  
  55  5:29  Hellion  
  55  5:34  SCV  
  58  5:35  SCV  
  57  5:44  Hellion  
  57  5:46  SCV  
  57  5:48  SCV  
  61  5:58  Command Center, SCV  
  61  6:01  Hellion  
  56  6:05  SCV  
  56  6:07  Supply Depot  
  56  6:10  Banshee  
  56  6:11  SCV  
  61  6:18  SCV  
  62  6:25  Barracks Tech Lab  
  62  6:27  Factory  
  62  6:28  Factory  
  62  6:29  SCV  
  62  6:30  SCV  
  64  6:35  Refinery  
  64  6:36  Refinery  
  64  6:37  Supply Depot  
  64  6:41  SCV  
  64  6:42  SCV  
  64  6:44  Hellion  
  68  6:53  SCV  
  69  6:58  Banshee, SCV  
  69  6:59  Supply Depot  
  73  7:04  Hellion  
  73  7:05  SCV  
  73  7:07  Hellion  
  78  7:10  SCV  
  78  7:13  Factory Tech Lab  
  79  7:15  Orbital Command  
  79  7:19  Armory, SCV  
  80  7:24  Mag-Field Accelerator  
  80  7:25  Cyclone  
  83  7:32  SCV  
  83  7:33  Cyclone  
  83  7:35  Orbital Command  
  83  7:36  Infernal Pre-Igniter  
  87  7:42  SCV  
  87  7:44  SCV  
  86  7:48  Hellion  
  86  7:50  Banshee  
  91  7:52  Supply Depot  
  91  7:54  SCV  
  91  7:57  SCV  
  93  8:04  Supply Depot  
  93  8:05  Supply Depot, Cyclone  
  98  8:06  Hellion  
  98  8:07  SCV  
  98  8:10  Hellion  
  98  8:12  Terran Vehicle And Ship Armor Level 1  
  101  8:13  Refinery  
  101  8:14  SCV  
  101  8:18  SCV  
  101  8:19  Cyclone  
  106  8:23  Refinery  
  106  8:24  SCV  
  107  8:27  Supply Depot, SCV  
  107  8:32  Hellion  
  110  8:34  SCV  
  110  8:38  Supply Depot, Banshee  
  110  8:39  Engineering Bay  
  110  8:40  SCV  
  115  8:43  Cyclone  
  115  8:44  SCV  
  115  8:47  SCV  
  120  8:50  Hellion  
  120  8:52  SCV  
  120  8:54  Supply Depot  
  123  8:56  Cyclone  
  123  8:58  SCV  
  127  9:07  SCV  
  127  9:08  Starport  
  127  9:09  Hellion  
  130  9:10  Starport, SCV  
  130  9:16  SCV  
  128  9:17  Hellion  
  106  9:24  Cyclone  
  106  9:25  Hellion, Banshee, SCV  
  102  9:31  Cyclone  
  102  9:32  SCV  
  102  9:34  Hellion  
  99  9:45  Supply Depot  
  99  9:46  Hellion  
  99  9:47  Starport Tech Lab  
  99  9:48  Starport Tech Lab  
  99  9:50  Missile Turret x2  
  101  9:56  Cyclone  
  104  10:04  Command Center  
  104  10:06  Terran Vehicle And Ship Armor Level 2  
  104  10:08  Banshee x2  
  104  10:09  Hyperflight Rotors  
  104  10:12  Cyclone  
  113  10:15  Hellion  
  115  10:23  Banshee  
  120  10:28  Hellion  
  120  10:35  Factory  
  120  10:36  Factory  
  120  10:37  Cyclone  
  123  10:44  Cyclone  
  126  10:50  Missile Turret  
  126  10:51  Banshee  
  126  10:52  Command Center  
  126  10:53  Hellion  
  126  10:55  Banshee  
  134  11:09  Cyclone  
  135  11:14  Banshee  
  135  11:25  Factory Tech Lab x2, Siege Tank  
  138  11:33  Banshee  
  138  11:38  Hellion, Banshee  
  138  11:39  Hellion  
  145  11:41  Cyclone  
  145  11:45  Supply Depot  
  145  11:46  Supply Depot, SCV  
  151  11:47  SCV x2  
  151  11:57  Banshee, Refinery  
  151  11:58  Cyclone  
  151  11:59  SCV x3  
  151  12:00  Refinery  
  160  12:02  Cyclone x2  
  166  12:09  Planetary Fortress  
  166  12:11  SCV  
  166  12:13  Missile Turret  
  167  12:21  Cyclone  
  170  12:23  Hellion x2  
  170  12:29  Fusion Core  
  174  12:34  Sensor Tower  
  174  12:42  Cyclone, Banshee x2  
  174  12:43  Cyclone  
  186  12:58  Cyclone x2  
  192  13:01  Hellion  
  192  13:02  Hellion  
  193  13:07  Terran Ship Weapons Level 1  
  193  13:08  Command Center  
  193  13:11  Supply Depot  
  193  13:14  Cyclone  
  193  13:15  Cyclone  
  149  13:29  Hellion  
  149  13:30  Hellion, Cyclone x2  
  137  13:42  Banshee  
  137  13:46  Cyclone  
  137  13:47  Cyclone  
  146  13:50  Hellion  
  146  13:53  Hellion  
  135  13:58  Banshee x2  
  135  14:00  SCV x5  
  135  14:02  Hellion, Cyclone  
  145  14:12  Hellion, SCV x2  
  145  14:15  Planetary Fortress  
  149  14:18  Cyclone  
  149  14:19  Cyclone  
  149  14:21  Refinery  
  155  14:25  Cyclone, Banshee  
  159  14:34  Cyclone  
  150  14:39  Refinery  
  150  14:41  Banshee  
  153  14:45  Banshee  
  153  14:48  Hellion  
  153  14:51  Cyclone x2  
  164  14:57  Cyclone, SCV  
  164  14:58  Refinery x2  
  168  15:01  Hellion  
  168  15:06  Cyclone  
  168  15:07  Planetary Fortress  
  173  15:08  Banshee, SCV  
  173  15:10  Hellion  
  179  15:23  Cyclone x2  
  179  15:24  Banshee  
  179  15:28  Banshee  
  179  15:29  Cyclone  
  179  15:30  SCV  
  179  15:31  SCV  
  189  15:36  Hellion x2  
  189  15:39  Cyclone  
  194  15:46  Terran Vehicle And Ship Armor Level 3  
  194  15:48  SCV  
  192  15:51  Banshee  
  192  15:55  Cyclone  
  192  15:56  Hellion  
  197  16:03  Cyclone  
  188  16:11  Cyclone  
  188  16:17  Cyclone  
  160  16:27  Cyclone  
  160  16:31  Hellion, Banshee  
  166  16:34  SCV  
  166  16:35  Cyclone, SCV x4  
  166  16:38  Command Center  
  174  16:44  Cyclone  
  174  16:46  SCV  
  174  16:47  SCV  
  179  16:49  Cyclone  
  179  16:50  Command Center  
  182  16:59  Cyclone  
  185  17:07  Cyclone, Hellion x4  
  165  17:12  Hellion x2, Banshee x2  
  172  17:16  Cyclone  
  172  17:18  Banshee  
  172  17:21  Cyclone  
  181  17:23  Factory  
  181  17:25  Factory  
  181  17:29  Smart Servos  
  181  17:30  Missile Turret  
  181  17:31  Missile Turret, Cyclone  
  181  17:33  Sensor Tower  
  181  17:35  Missile Turret  
  184  17:37  Hellion x2  
  184  17:40  Cyclone  
  191  17:48  Cyclone  
  194  17:53  Hellion  
  194  17:55  Banshee  
  197  18:00  Command Center  
  197  18:03  Cyclone  
  194  18:12  Cyclone  
  194  18:14  Cyclone  
  194  18:20  Cyclone  
  167  18:34  Banshee  
  167  18:35  Cyclone  
  167  18:38  Factory Tech Lab x2  
  167  18:39  Banshee  
  176  18:44  Cyclone  
  176  18:47  Hellion x2, Cyclone, Banshee  
  180  18:49  Planetary Fortress  
  180  18:52  Cyclone  
  180  18:59  Cyclone  
  183  19:07  Cyclone  
  183  19:12  Cyclone  
  183  19:16  Cyclone  
  189  19:17  Banshee  
  189  19:19  Cyclone  
  195  19:24  Cyclone  
  195  19:31  Cyclone, Banshee  
  185  19:36  Refinery  
  185  19:37  Planetary Fortress, Refinery  
  182  19:39  Cyclone  
  182  19:44  Cyclone  
  185  19:48  Cyclone  
  185  19:51  Cyclone  
  188  19:56  Cyclone  
  156  20:03  Cyclone  
  153  20:07  Banshee  
  153  20:09  Refinery  
  153  20:10  Refinery  
  153  20:11  SCV  
  153  20:12  Cyclone, SCV x2  
  162  20:15  Hellion x2  
  162  20:16  Cyclone  
  162  20:17  SCV  
  162  20:20  Cyclone  
  173  20:23  Cyclone  
  176  20:28  Cyclone  
  176  20:30  Banshee  
  176  20:35  Cyclone, Banshee  
  188  20:36  Hellion  
  190  20:44  Cyclone  
  190  20:46  Hellion  
  190  20:48  Missile Turret, Cyclone  
  186  21:20  Cyclone  
  186  21:21  Cyclone  
  186  21:22  Cyclone  
  180  21:26  Planetary Fortress  
  180  21:31  Banshee  
  180  21:32  Cyclone  
  186  21:38  Cyclone x2, Command Center  
  186  21:39  Command Center  
  180  21:41  Hellion  
  180  21:42  Banshee  
  185  21:50  Banshee  
  185  21:53  Cyclone x2  
  184  21:55  Cyclone  
  187  22:04  Cyclone  
  190  22:10  Cyclone  
  187  22:24  Cyclone  
  187  22:25  Cyclone  
  187  22:26  Cyclone  
  187  22:28  Cyclone  
  193  22:36  Cyclone  
  196  22:43  Hellion x2, Cyclone  
  185  22:58  Hellion  
Show
View Real Time Build Order
Export as new Build Order

Reynor Zerg 

Build Orders: Hatch First 

Get SALT Encoding   

  12  0:00  Drone  
  13  0:12  Overlord  
  13  0:17  Drone  
  14  0:31  Drone x2  
  16  0:49  Hatchery  
  15  0:52  Drone  
  15  0:56  Drone  
  17  1:00  Drone  
  18  1:10  Extractor  
  17  1:15  Spawning Pool  
  17  1:18  Drone  
  17  1:22  Drone  
  18  1:28  Drone  
  19  1:39  Drone  
  20  2:03  Queen, Zergling x6  
  20  2:04  Spine Crawler  
  24  2:11  Zergling x2  
  24  2:13  Zergling x2  
  26  2:20  Spine Crawler  
  23  2:31  Zergling x4  
  23  2:37  Zergling x2  
  26  2:47  Zergling x2  
  26  2:49  Overlord  
  27  3:03  Overlord  
  27  3:08  Zergling x4  
  27  3:10  Drone x2  
  31  3:14  Queen  
  31  3:18  Drone  
  34  3:24  Zergling x2  
  34  3:26  Zergling x2  
  32  3:30  Drone  
  32  3:33  Metabolic Boost  
  30  3:38  Drone x2  
  32  3:47  Drone  
  32  3:48  Queen  
  35  3:51  Drone  
  36  3:58  Drone  
  36  4:00  Overlord  
  37  4:04  Drone x2  
  37  4:05  Drone  
  37  4:08  Drone  
  41  4:11  Drone  
  42  4:18  Queen  
  44  4:36  Zergling x8  
  44  4:37  Zergling x2  
  46  4:39  Queen  
  46  4:40  Overlord  
  46  4:41  Drone x3  
  46  4:43  Drone  
  49  4:51  Zergling x2  
  50  4:54  Drone  
  50  4:57  Hatchery  
  50  5:01  Drone  
  50  5:04  Roach Warren, Zergling x2  
  51  5:12  Overlord  
  51  5:14  Drone  
  51  5:17  Extractor, Queen  
  53  5:22  Drone x3  
  56  5:31  Zergling x6  
  58  5:36  Overlord  
  58  5:40  Drone  
  56  5:46  Overlord  
  54  5:57  Drone x3  
  54  6:00  Roach  
  54  6:03  Spore Crawler  
  54  6:04  Spore Crawler  
  54  6:05  Roach  
  54  6:06  Roach  
  58  6:11  Roach  
  58  6:12  Roach  
  58  6:16  Roach  
  64  6:22  Drone x3  
  64  6:23  Drone  
  68  6:27  Drone x2  
  68  6:32  Lair  
  70  6:34  Roach  
  70  6:35  Drone  
  70  6:38  Drone  
  74  6:41  Spore Crawler  
  74  6:44  Roach  
  74  6:45  Drone  
  74  6:46  Drone  
  77  6:49  Drone  
  77  6:52  Drone  
  77  7:00  Drone  
  77  7:01  Drone x2  
  80  7:06  Drone  
  80  7:07  Drone x2  
  82  7:10  Overlord  
  82  7:18  Overlord  
  81  7:24  Drone  
  81  7:26  Overlord  
  82  7:32  Overlord  
  82  7:37  Extractor, Drone  
  82  7:38  Drone x7  
  89  7:44  Glial Reconstitution  
  89  7:45  Evolution Chamber  
  89  7:47  Roach x3  
  89  7:48  Roach  
  89  7:49  Drone  
  89  7:51  Drone  
  98  7:55  Drone x3  
  98  7:56  Drone  
  98  7:57  Extractor  
  100  8:03  Roach x2  
  100  8:04  Roach  
  104  8:06  Drone  
  104  8:07  Overlord  
  104  8:10  Drone x2  
  104  8:11  Drone x2  
  109  8:19  Extractor, Drone x4  
  111  8:20  Extractor  
  111  8:23  Overlord  
  108  8:35  Zerg Missile Weapons Level 1  
  108  8:42  Drone  
  108  8:44  Drone  
  108  8:45  Evolution Chamber  
  108  8:46  Hydralisk Den  
  113  8:48  Roach x4  
  113  8:49  Hatchery  
  113  8:51  Zergling x16  
  113  8:55  Overseer  
  122  8:58  Queen  
  122  9:01  Drone  
  122  9:02  Drone x3  
  128  9:08  Overlord  
  128  9:09  Roach  
  130  9:11  Overlord  
  110  9:30  Drone  
  110  9:31  Drone x11  
  108  9:36  Infestation Pit, Zerg Ground Armor Level 1  
  108  9:37  Drone x4  
  109  9:42  Drone  
  109  9:43  Overlord, Muscular Augments  
  110  9:46  Queen  
  110  9:49  Roach x2  
  116  9:57  Extractor  
  116  9:58  Hydralisk x3  
  116  9:59  Spore Crawler  
  120  10:01  Overseer  
  120  10:02  Extractor  
  120  10:03  Hydralisk x2  
  121  10:08  Drone x4  
  121  10:09  Drone  
  121  10:10  Hydralisk x2  
  130  10:15  Drone  
  130  10:20  Roach x3  
  130  10:21  Roach  
  139  10:23  Hydralisk  
  139  10:24  Hydralisk x2  
  139  10:28  Hive  
  145  10:30  Zerg Missile Weapons Level 2  
  145  10:36  Overlord x2  
  145  10:37  Hydralisk x2  
  145  10:39  Roach  
  145  10:41  Overlord  
  151  10:44  Ravager  
  152  10:51  Overlord  
  152  10:52  Overlord  
  152  10:57  Grooved Spines  
  152  10:58  Roach x3  
  152  10:59  Roach x2  
  162  11:05  Hydralisk x3  
  162  11:06  Hydralisk  
  159  11:19  Drone x4  
  159  11:20  Roach x5  
  159  11:21  Roach  
  159  11:24  Roach  
  159  11:25  Roach x2  
  175  11:28  Roach x3  
  181  11:33  Overlord  
  181  11:35  Roach x4  
  185  11:44  Overlord  
  185  11:45  Hatchery  
  185  11:47  Overlord  
  184  11:49  Zerg Ground Armor Level 2  
  184  11:54  Viper x2  
  184  11:55  Viper  
  193  12:02  Overlord  
  193  12:06  Roach  
  193  12:07  Viper  
  198  12:18  Hydralisk  
  198  12:24  Hatchery  
  198  12:28  Overseer  
  198  12:29  Pneumatized Carapace  
  197  12:33  Hatchery  
  193  12:42  Hydralisk x3  
  199  12:54  Hatchery  
  197  13:04  Roach  
  199  13:11  Zerg Missile Weapons Level 3  
  199  13:12  Overseer x2  
  199  13:17  Unknown  
  177  13:22  Hydralisk x11, Hatchery  
  177  13:26  Hydralisk, Zergling x2  
  170  13:33  Hydralisk x2  
  158  13:39  Roach  
  144  13:42  Roach  
  144  13:43  Hydralisk x2  
  144  13:44  Zergling x2  
  144  13:47  Queen, Roach  
  154  13:52  Roach x2  
  145  13:57  Roach  
  145  14:01  Hydralisk x4  
  150  14:05  Roach  
  150  14:09  Drone x2, Roach  
  156  14:15  Drone x2  
  156  14:16  Queen, Drone x3  
  163  14:21  Roach  
  165  14:24  Roach  
  165  14:26  Viper  
  169  14:36  Roach x5  
  175  14:38  Overseer x2  
  175  14:41  Extractor, Spore Crawler  
  175  14:42  Overlord x2  
  173  14:58  Viper  
  172  15:01  Drone  
  172  15:02  Viper x2  
  179  15:09  Drone x3  
  179  15:12  Roach  
  179  15:13  Roach x3  
  190  15:15  Spore Crawler  
  187  15:26  Hydralisk x5  
  187  15:31  Overlord x2  
  187  15:41  Overlord  
  187  15:47  Hatchery  
  182  15:59  Roach x5  
  182  16:00  Roach x3  
  198  16:04  Hydralisk  
  198  16:05  Hydralisk  
  197  16:13  Overlord  
  197  16:14  Overseer  
  197  16:15  Overseer  
  185  16:18  Roach Warren  
  169  16:27  Overlord x3  
  167  16:33  Viper  
  167  16:34  Viper x2  
  167  16:38  Extractor  
  175  16:44  Overlord  
  175  16:45  Hydralisk  
  175  16:46  Hydralisk x10  
  175  16:47  Hydralisk  
  191  16:49  Overseer x2  
  189  17:11  Roach x6  
  199  17:19  Hatchery  
  199  17:22  Hydralisk  
  194  17:45  Hydralisk x3  
  200  17:54  Hatchery  
  187  18:21  Hydralisk x8  
  189  18:31  Roach x9  
  196  18:36  Hydralisk  
  197  18:52  Roach  
  197  18:55  Spine Crawler  
  198  18:56  Spine Crawler  
  198  18:57  Spine Crawler  
  198  19:01  Roach x2  
  190  19:13  Hydralisk x5  
  190  19:14  Hydralisk x3  
  188  19:18  Roach x2  
  173  19:38  Roach x2  
  173  19:39  Roach x4  
  173  19:41  Ravager x3  
  173  19:43  Ravager  
  169  20:05  Roach x3  
  169  20:06  Roach x2  
  171  20:08  Roach x3  
  177  20:22  Overlord  
  176  20:40  Hatchery  
  173  20:50  Spawning Pool  
  173  20:55  Ravager x3  
  173  20:56  Ravager x5  
  160  21:24  Roach x9  
  153  21:42  Roach x3  
  147  21:54  Ravager x7  
  147  21:58  Ravager  
  147  21:59  Ravager x2  
  147  22:00  Ravager  
  155  22:06  Ravager x2  
  155  22:07  Ravager x3  
  157  22:27  Hydralisk x4  
Tags
 
Add a new tag
Caveats
  • Supply blocks, unpowered buildings, or Contaminate may cause inaccurate times.
  • Supply counts are checked every 10 seconds.